 Dungeon Crawl Stone Soup version 0.28-a0-397-g1a7b1a870f (webtiles) character file.

Game seed: 16022283335218601196

1386 MacCMillion the Skirmisher (level 8, 0/63 HPs)
             Began as a Demonspawn Fighter on Sept 4, 2021.
             Was an Initiate of Makhleb.
             Succumbed to Dowan's poison
             ... on level 6 of the Dungeon.
             The game lasted 00:12:17 (5307 turns).

MacCMillion the Skirmisher (Demonspawn Fighter)     Turns: 5307, Time: 00:12:18

Health: 0/63       AC: 16    Str: 18    XL:     8   Next: 40%
Magic:  8/8        EV:  9    Int:  9    God:    Makhleb [......]
Gold:   269        SH: 10    Dex: 14    Spells: 7/7 levels left

rFire   . . .      SeeInvis .   d - +2 flail (protect)
rCold   . . .      Faith    .   c - +0 buckler
rNeg    . . .      Spirit   .   b - +0 scale mail
rPois   .          Reflect  +   (helmet restricted)
rElec   .          Harm     .   (no cloak)
rCorr   .          Rampage  .   (no gloves)
Will    .....                   (no boots)
Stlth   ..........              l - amulet of reflection
HPRegen 0.20/turn               (no ring)
MPRegen 0.11/turn               (no ring)

@: lethally poisoned (0 -> -6), under a protective aura
A: horns 2, icy blue scales 1, demonic guardian 1
a: Renounce Religion


You were on level 6 of the Dungeon.
You worshipped Makhleb.
Makhleb was noncommittal.
You visited 2 branches of the dungeon, and saw 7 of its levels.

You collected 269 gold pieces.

Inventory:

Hand Weapons
 a - a +0 trident
 d - a +2 flail of protection (weapon)
 g - a +0 flail
 i - a +3 mace of protection
Armour
 b - a +0 scale mail (worn)
 c - a +0 buckler (worn)
Jewellery
 l - an amulet of reflection (around neck)
Scrolls
 e - 2 scrolls of amnesia
 m - a scroll of magic mapping


   Skills:
 + Level 5.6 Fighting
 - Level 5.0 Maces & Flails
 - Level 4.1 Polearms
 - Level 5.0 Armour
 - Level 0.8 Dodging
 - Level 0.2 Stealth
 - Level 4.0 Shields


You had 7 spell levels left.
You didn't know any spells.
Your spell library contained the following spells:

 Spells                   Type           Power      Damage    Failure   Level
 Ensorcelled Hibernation  Hex/Ice        0%         N/A       88%         2
 Confusing Touch          Hex            0%         N/A       98%         3
 Tukima's Dance           Hex            0%         N/A       98%         3
 Dragon Form              Tmut           0%         N/A       100%        7


Dungeon Overview and Level Annotations

Branches:
Dungeon (6/15)             Temple (1/1) D:5

Altars:
Ashenzari
Dithmenos
Elyvilon
Fedhas
Gozag
Kikubaaqudgha
Makhleb
Nemelex Xobeh
Okawaru
Qazlal
Ru
Sif Muna
Uskayaw
Vehumet
Xom
Yredelemnul
Zin

Shops:
D:4 *

Annotations:
D:5 Edmund
D:6 Dowan


Innate Abilities, Weirdness & Mutations

You have a pair of horns on your head.
You are partially covered in icy blue scales. (AC +2)
A weak demonic guardian rushes to your aid.


Message History

You block the hound's attack.
Unknown command.
You aren't carrying any potions.
You hit the hound.
The hound is severely wounded.
The hound bites you but does no damage. Dowan gestures at you while chanting.
The shard of ice hits your quasit.
Your quasit partially resists.
The hound bites you.
* * * LOW HITPOINT WARNING * * *
Your quasit barely misses Dowan.
Your quasit misses Dowan.
Your quasit claws Dowan but does no damage.
Dowan hits your quasit with a +0 dagger of venom.
Your quasit is poisoned.
You closely miss the hound. Your headbutt misses the hound.
The hound is severely wounded.
You block the hound's attack.
Your quasit closely misses Dowan.
Your quasit completely misses Dowan.
Your quasit closely misses Dowan.
You block the hound's attack. Dowan casts a spell at you.
The stone arrow hits your quasit!
Your quasit dies!
Your quasit disappears in a puff of smoke!
Unknown command.
You block Dowan's attack.
You hit Dowan but do no damage.
Dowan is almost dead.
The hound bites you but does no damage. You block the hound's attack.
Dowan hits you but does no damage.
You are lethally poisoned!
Unknown command.
You closely miss Dowan. Your headbutt misses Dowan.
Dowan is almost dead.
* * * LOW HITPOINT WARNING * * *
You feel sick. The hound bites you but does no damage.
You block Dowan's attack. The hound bites you but does no damage.
You barely miss Dowan.
Dowan is almost dead.
You die...

,,* *,,,,..............#,#.#.#.#.
,** *,,,,..#.###.##§...#,#.#.#.#.
,* **,,,*,,,* #..Z....#,#.....#<
,* *,,,*,,,* #.##....#,#.#.###.
,* *,,,*,,,* #.....#.#,#....(..
,* *****,*,**#.#####.#,#.......
,*********,*,,*#§# *,#,#....###
,,,,,,,,,*,*,,*#e# *,*,##...# *
,*******,*,*,,*#@# *,*,*#...# *
,* *,,,*,,*#h# *,*,#....# * ,*
*******,,,#§#****,*,####.# * **
*,,,,,,,,,§§§,,,,,,,* #.#**
*,*****,*.#.##***,*****#.#*,
******,* *,*,.....* *,,,,,,#.#*,
,,,,,*,* *,*##*W..*********,*,**,
,,,,,*,* *,,,,,.>.,,,,,**<*,*,**,
,,,,,*,***,***#####***,**,*,*,**,


You could see Dowan and a hound.

Vanquished Creatures
  A shadow (D:6)
  A black bear (D:4)
  A sky beast (D:5)
  An ice beast (D:6)
  2 ogres
  2 centaurs
  Blork the orc (D:6)
  3 scorpions
  2 orc priests (D:3)
  A hound (D:6)
  An iguana (D:5)
  A killer bee zombie (D:6)
  2 gnolls
  2 adders (D:3)
  A white imp (D:4)
  An ufetubus (D:6)
  An adder skeleton (D:2)
  A worm (D:2)
  4 dart slugs
  5 orcs
  6 endoplasms
  2 giant cockroaches
  6 goblins
  7 hobgoblins
  3 jackals (D:2)
  3 quokkas
  9 ball pythons
  6 bats
  6 frilled lizards
  7 kobolds
  3 rats
92 creatures vanquished.

Vanquished Creatures (collateral kills)
  Duvessa (D:6)
  2 gnolls (D:3)
  A hobgoblin (D:1)
4 creatures vanquished.

Grand Total: 96 creatures vanquished

Notes
Turn   | Place    | Note
-------+----------+-------------------------------------------
     0 | D:1      | MacCMillion the Demonspawn Fighter began the quest for the
                  | Orb.
     0 | D:1      | Reached XP level 1. HP: 18/18 MP: 1/1
    90 | D:1      | Gained mutation: You have a pair of small horns on your
                  | head. [demonic ancestry]
    90 | D:1      | Reached XP level 2. HP: 24/24 MP: 2/2
   261 | D:1      | Found a faded altar of an unknown god.
   489 | D:1      | Gained mutation: A weak demonic guardian rushes to your
                  | aid. [demonic ancestry]
   489 | D:1      | Reached XP level 3. HP: 29/29 MP: 3/3
  1234 | D:2      | Reached XP level 4. HP: 35/35 MP: 4/4
  1717 | D:3      | Reached skill level 1 in Maces & Flails
  1725 | D:3      | Reached XP level 5. HP: 23/41 MP: 5/5
  2870 | D:4      | Noticed a black bear
  2885 | D:4      | Killed a black bear
  2886 | D:4      | Gained mutation: You are partially covered in icy blue
                  | scales. (AC +2) [demonic ancestry]
  2886 | D:4      | Reached XP level 6. HP: 33/48 MP: 6/6
  3069 | D:4      | Found Dutobats's Elemental Accessories.
  3309 | D:4      | Found an opulent altar of Gozag.
  3350 | D:4      | Got the Papyrus of Shifting Execration
  3448 | D:5      | Entered Level 5 of the Dungeon
  3464 | D:5      | Noticed a wraith
  3774 | D:5      | Noticed a sky beast
  3785 | D:5      | Killed a sky beast
  3864 | D:5      | Found an iron altar of Okawaru.
  3883 | D:4      | Reached XP level 7. HP: 31/55 MP: 7/7
  4562 | D:5      | Found a staircase to the Ecumenical Temple.
  4570 | D:5      | Found a shimmering altar of Xom.
  4598 | D:5      | Noticed Edmund
  4600 | Temple   | Entered the Ecumenical Temple
  4740 | Temple   | Became a worshipper of Makhleb the Destroyer
  4917 | D:6      | Noticed Blork the orc
  4932 | D:6      | Killed Blork the orc
  4933 | D:6      | Reached skill level 5 in Fighting
  5116 | D:6      | Gained mutation: You have a pair of horns on your head.
                  | [demonic ancestry]
  5116 | D:6      | Reached XP level 8. HP: 53/62 MP: 8/8
  5245 | D:6      | Noticed Duvessa
  5246 | D:6      | Noticed Dowan
  5263 | D:6      | Killed Duvessa
  5264 | D:6      | Reached skill level 5 in Armour
  5278 | D:6      | HP: 3/62 [poisoned by Dowan]
  5300 | D:6      | Reached skill level 5 in Maces & Flails
  5302 | D:6      | HP: 3/63 [hound (5)]
  5307 | D:6      | Succumbed to Dowan's poison

Illustrated notes

Levels and vault maps discovered:
D:1:      roderic_crossed_star, layout_basic,
          dreamdust_ecumenical_altar_statues, minmay_distorted
D:2:      layout_rooms, chequers_mini_garden
D:3:      layout_basic, kennysheep_generic_room_6
D:4:      layout_loops_cross, grunt_gozag_breadcrumbs, kennysheep_another_room,
          nicolae_elemental_shop
D:5:      layout_loops_cross, jmf_multi_god_temple, okawaru_metal_pillars_3,
          temple_fountains, corexii_shack, uniq_prince_ribbit1, uniq_pikel,
          uniq_edmund
D:6:      layout_basic, uniq_duvessa, uniq_blork_the_orc
Temple:   regret_index_temple_mists

Skill      XL: |  1  2  3  4  5  6  7  8 |
---------------+-------------------------+-----
Polearms       | 2 3 4 |  4.1
Armour         | 3 4 5 |  5.0
Shields        | 3 4 |  4.0
Maces & Flails | 1 4 5 |  5.0
Fighting       | 4 5 |  5.6
Dodging        | |  0.8
Stealth        | |  0.2

Action                   |  1- 3 |  4- 6 |  7- 9 || total
-------------------------+-------+-------+-------++-------
Melee: Trident           |    77 |       |       ||    77
       Headbutt          |     8 |    28 |    21 ||    57
       Mace              |    37 |   138 |    39 ||   214
       Flail             |       |       |    43 ||    43
  Use: Scroll            |       |     5 |     5 ||    10
       Potion            |       |       |     2 ||     2
 Stab: Distracted        |     1 |       |       ||     1
Armor: Scale mail        |    31 |    70 |    50 ||   151
Dodge: Dodged            |    37 |    69 |    59 ||   165
Block: Buckler           |    26 |    36 |    64 ||   126
       Reflection        |       |       |     1 ||     1

Table legend: (Time is in decaauts)
 A = Elapsed time spent in this place.
 B = Non-inter-level travel time spent in this place.
 C = Inter-level travel time spent in this place.
 D = Time resting spent in this place.
 E = Time spent auto-exploring this place.
 F = Levels seen in this place.
 G = Mean time per level.
                   A        B        C        D        E       F      G
               +--------+--------+--------+--------+--------+-----+--------+
         Total |   5480 |   5298 |    182 |    948 |   3130 |   7 |  782.9 |
       Dungeon |   5302 |   5120 |    182 |    948 |   2993 |   6 |  883.7 |
        Temple |    178 |    178 |      0 |      0 |    137 |   1 |  178.0 |
               +--------+--------+--------+--------+--------+-----+--------+

Top non-repeatable levels by time:
     D:4: 1436 daAuts
     D:3: 1208 daAuts
     D:2: 1085 daAuts
     D:1: 676 daAuts
     D:6: 555 daAuts
     D:5: 339 daAuts
  Temple: 178 daAuts
